 Dungeon Crawl Stone Soup version 0.31-a0-986-g5e6e4ef867 (webtiles) character file.

Game seed: 13898683495953782316

46 sammy202020 the Trooper (level 3, 23/24 HPs)
             Began as a Gargoyle Fighter on Nov 23, 2023.
             Quit the game on level 2 of the Dungeon.
             The game lasted 00:02:44 (1489 turns).

sammy202020 the Trooper (Gargoyle Fighter)          Turns: 1489, Time: 00:02:44

Health: 23/24      AC: 12    Str: 19    XL:     3   Next: 68%
Magic:  3/3        EV:  9    Int: 10    God:
Gold:   66         SH:  4    Dex:  9    Spells: 2/2 levels left

rFire   . . .        a - +1 flail
rCold   . . .        c - +0 buckler
rNeg    + . .        b - +0 scale mail
rPois   ∞            (helmet restricted)
rElec   +            p - +0 cloak
rCorr   .            (no gloves)
SInv    .            k - +0 pair of boots
Will    .....        (no amulet) Stlth
                     (no ring)
HPRegen 0.24/turn    (no ring)
MPRegen 0.08/turn

%: no passive effects
@: weak-willed
A: sickness immunity, AC +3, negative energy resistance 1, electricity
resistance, torment resistance 1, petrification resistance, antennae 1, hooves
1, devolution 1
a: no special abilities


You were on level 2 of the Dungeon.
You visited 1 branch of the dungeon, and saw 2 of its levels.

You collected 66 gold pieces.

Inventory:

Hand Weapons
 a - a +1 flail (weapon)
Armour
 b - a +0 scale mail (worn)
 c - a +0 buckler (worn)
 k - a +0 pair of boots (worn)
 p - a +0 cloak (worn)
 u - a +2 helmet
Jewellery
 v - a ring of fire
Scrolls
 f - 2 scrolls of teleportation
 i - a scroll of silence
 l - 2 scrolls of enchant weapon
 q - a scroll of poison
Potions
 d - a potion of might
 g - 2 potions of heal wounds
 h - 2 potions of cancellation
 j - a potion of brilliance {unknown}
 n - 2 potions of curing
 o - a potion of lignification {unknown}


   Skills:
 * Level 3.8 Fighting
 * Level 2.5 Maces & Flails
 * Level 3.6 Armour
 + Level 0.5 Dodging
 * Level 3.6 Shields


You had 2 spell levels left.
You didn't know any spells.
Your spell library contained the following spells:

 Spells                   Type           Power      Damage    Failure   Level
 Sting                    Tmut/Pois      0%         1d3       80%         1
 Poisonous Vapours        Pois/Air       0%         N/A       91%         2
 Olgreb's Toxic Radiance  Pois           0%         N/A       100%        4


Dungeon Overview and Level Annotations

Branches:
Dungeon (2/15)

Altars:


Innate Abilities, Weirdness & Mutations

You are immune to sickness and miasma.
Your stone body is resilient. (AC +3)
You are immune to poison.
You resist negative energy. (rN+)
You are resistant to electric shocks. (rElec)
You are resistant to unholy torment.
You are immune to petrification.
You have a pair of small antennae on your head.
You have large cloven feet.
You have hidden genetic defects.


Message History

The hobgoblin hits you with a +0 hand axe.
You hit the hobgoblin.
The hobgoblin is almost dead.
The hobgoblin closely misses you.
You hit the hobgoblin.
You kill the hobgoblin!
You see here a +0 hand axe.
Magic scrolls do not work when you're silenced!
Your hearing returns.
As you read the scroll labelled GISTUXOE MOHORR, it crumbles to dust.
It is a scroll of enchant weapon.
Your +0 flail glows red for a moment.
Blink to where?
Press: ? - help, Dir - move target
As you read the scroll labelled IDGHOG CAELA, it crumbles to dust.
It was a scroll of blinking.
As you read the scroll labelled WEYHOF KIEDAER, it dissolves into smoke.
It was a scroll of fog.
As you read the scroll labelled COSITI ICEY, it crumbles to dust.
You feel momentarily disoriented.
It was a scroll of revelation.
The air fills with toxic fumes!
As you read the scroll labelled LIEJUU CUCAKH, it crumbles to dust.
It was a scroll of poison.
As you read the scroll labelled WOKEUCL PAKEI, it crumbles to dust.
Magic quickly surges around you.
It was a scroll of vulnerability.
As you read the scroll of identify, it crumbles to dust.
g - 2 potions of heal wounds
As you read the scroll of identify, it crumbles to dust.
h - 2 potions of cancellation
As you read the scroll of identify, it crumbles to dust.
n - 2 potions of curing
Okay, then.
You feel extremely strange.
You feel weaker.
You feel extremely strange.
You feel stronger.
You feel a hidden malignance growing inside you.
Your feet thicken and deform.
A pair of antennae grows on your head!
Your +2 helmet falls away!
Are you sure you want to abandon this character and quit the game? (Confirm with "yes".)

##........# ##.....##.#
.#........########§○######.###
.#..##.#........##○##### #...#
....##.####.....##§#########.#
....##.####.....#○§#§§§§.....#
.............§..#§§§☼§....####
###.....###..§§§#§§§......#
....)...###..§§§§§§.......#
###.....###..§§§@§§.......#
#.....###§§§§§##§.......#
#.....###☼§§§○##........#
#.....###§§○§§##........#
#.....###☼☼○§○##........#
#.....#####§####........#
#.....#####○####........#
#############§#############
..............#


There were no monsters in sight!

Vanquished Creatures
  An adder (D:2)
  7 ball pythons
  5 endoplasms
  A giant cockroach (D:2)
  3 goblins
  4 hobgoblins
  2 kobolds (D:2)
  4 quokkas
  4 bats (D:1)
  A rat (D:1)
32 creatures vanquished.

Notes
Turn   | Place    | Note
-------+----------+-------------------------------------------
     0 | D:1      | sammy202020 the Gargoyle Fighter began the quest for the
                  | Orb.
     0 | D:1      | Reached XP level 1. HP: 14/14 MP: 1/1
   176 | D:1      | Reached XP level 2. HP: 19/19 MP: 2/2
   191 | D:1      | Found a faded altar of an unknown god.
   739 | D:2      | Reached XP level 3. HP: 23/23 MP: 3/3
  1487 | D:2      | Gained mutation: You are weak. (Str -2) [potion of
                  | mutation]
  1488 | D:2      | Lost mutation: You are weak. (Str -2) [potion of mutation]
  1488 | D:2      | Gained mutation: You have hidden genetic defects. [potion
                  | of mutation]
  1488 | D:2      | Gained mutation: You have large cloven feet. [potion of
                  | mutation]
  1488 | D:2      | Gained mutation: You have a pair of small antennae on your
                  | head. [potion of mutation]
  1489 | D:2      | Quit the game

Illustrated notes

Levels and vault maps discovered:
D:1:      eino_arrival_water_cross, layout_rooms,
          chequers_ecumenical_altar_island
D:2:      layout_basic, minmay_hexomino_p4

Action                     || total
---------------------------++-------
  Melee: Flail             ||   125
    Use: Scroll            ||    12
         Potion            ||     2
 Armour: Scale mail        ||   110
  Dodge: Dodged            ||    72
  Block: Buckler           ||    36

Table legend: (Time is in decaauts)
 A = Elapsed time spent in this place.
 B = Non-inter-level travel time spent in this place.
 C = Inter-level travel time spent in this place.
 D = Time resting spent in this place.
 E = Time spent auto-exploring this place.
 F = Levels seen in this place.
 G = Mean time per level.
                   A        B        C        D        E       F      G
               +--------+--------+--------+--------+--------+-----+--------+
         Total |   1531 |   1510 |     21 |    163 |    863 |   2 |  765.5 |
       Dungeon |   1531 |   1510 |     21 |    163 |    863 |   2 |  765.5 |
               +--------+--------+--------+--------+--------+-----+--------+

Top non-repeatable levels by time:
     D:2: 934 daAuts
     D:1: 597 daAuts
